 Dungeon Crawl Stone Soup version 0.24.0-10-g970556be89 (webtiles) character file.

Game seed: 8466725826304345319, levelgen mode: deterministic

1283 mopl the Cleaver (level 8, -1/68 HPs)
             Began as a Hill Orc Berserker on Nov 3, 2019.
             Was an Elder of Trog.
             Slain by a human
             ... wielding a +0 club
              (4 damage)
             ... on level 6 of the Dungeon.
             The game lasted 00:08:56 (4785 turns).

mopl the Cleaver (Hill Orc Berserker)               Turns: 4785, Time: 00:08:56

Health: -1/68      AC: 11    Str: 20    XL:     8   Next: 54%
Magic:  8/8        EV: 11    Int:  7    God:    Trog [****..]
Gold:   563        SH:  0    Dex: 12    Spells: 7/7 levels left

rFire    . . .     SeeInvis +   a - +0 hand axe
rCold    . . .     Gourm    .   (no shield)
rNeg     . . .     Faith    .   o - +2 scale mail {rPois}
rPois    +         Spirit   .   p - +0 helmet
rElec    .         Reflect  .   v - +0 cloak
rCorr    .         Harm     .   (no gloves)
MR       .....                  (no boots)
Stlth    ..........             (no amulet)
HPRegen  0.21/turn              w - ring of see invisible
MPRegen  0.11/turn              (no ring)

@: berserk cooldown, slowed, very slow
A: no striking features
a: Berserk, Trog's Hand, Brothers in Arms, Renounce Religion


You were on level 6 of the Dungeon.
You worshipped Trog.
Trog was greatly pleased with you.
You were very hungry.

You visited 1 branch of the dungeon, and saw 6 of its levels.
You also visited: Sewer.

You collected 563 gold pieces.

Inventory:

Hand Weapons
 a - a +0 hand axe (weapon)
 r - a +1 whip of venom
Missiles
 e - 4 boomerangs (quivered)
 s - 11 bolts
Armour
 o - a +2 scale mail of poison resistance (worn)
 p - a +0 helmet (worn)
 v - a +0 cloak (worn)
Jewellery
 w - a ring of see invisible (left hand)
Wands
 n - a wand of acid (7)
 x - a wand of iceblast (7)
Scrolls
 h - 5 scrolls of teleportation
 i - 3 scrolls of magic mapping
 l - a scroll of enchant weapon {unknown}
 q - a scroll of random uselessness {unknown}
 t - a scroll of amnesia {unknown}
Potions
 b - 5 potions of curing
 d - 5 potions of flight
 f - 2 potions of might
 g - a potion of agility {unknown}
 j - a potion of magic
 k - 2 potions of berserk rage {unknown}
 m - 2 potions of haste
Comestibles
 c - 9 rations
 u - 4 chunks of flesh


   Skills:
 + Level 5.0 Fighting
 * Level 11.3 Axes
 + Level 2.2 Throwing
 + Level 3.8 Armour
 + Level 2.7 Dodging


You had 7 spell levels left.
You didn't know any spells.
Your spell library was empty.

Dungeon Overview and Level Annotations

Branches:
Dungeon (6/15)              Sewer (visited)
 Temple: D:4-7

Altars:


Message History

You slice the human!!
You kill the human!
Trog accepts your kill.
Your Fighting skill increases to level 5!
You hit the human.
You are no longer berserk.
You are exhausted.
You feel yourself slow down. The human hits you with a +0 club.
Things that are here:
a +0 club; a +0 leather armour You hit the orc warrior but do no damage.
You barely miss the human. The orc warrior barely misses you.
The human hits you with a +0 club!
* * * LOW HITPOINT WARNING * * *
Your ogre goes berserk!
You feel quite a bit more hungry.
The orc warrior hits you with a +0 halberd!
* * * LOW HITPOINT WARNING * * *
The human hits you with a +0 club.
You die...

.#.....#.#.#.# ###
.#.....#...#.. ...
.#...(.##..#.# #.# #
.#.....##..#.# #.# .#
##.....##))#.# #.# ..
.......###)#.# #.#####.#
###....###.#.###.O.....#
................p....#..
###....###......@o.#.#
#......# #...#####.# #
#..)..## #.#.##.##.#
#.....# #..>##....#
#.....# ######.####
####### #....# ####.# .#
..


You could see a human, an orc warrior and a friendly ogre (berserk).

Vanquished Creatures
  A human (D:6)
  Menkaure (D:5)
  A black bear (D:6)
  2 centaurs
  3 crimson imps (D:5)
  2 hounds
  2 orc priests
  3 orc wizards
  Ijyb (D:3)
  Terence (D:3)
  2 worker ants
  A merfolk siren (Sewer)
  A merfolk avatar (Sewer)
  Robin (D:3)
  7 gnolls (D:5)
  6 adders
  5 river rats (Sewer)
  An adder skeleton (D:5)
  A worm (D:5)
  4 dart slugs
  10 leopard geckos
  4 orcs
  7 bats
  6 giant cockroaches
  13 goblins
  8 hobgoblins
  9 jackals
  2 quokkas
  3 ball pythons
  9 frilled lizards
  A jackal skeleton (D:4)
  13 kobolds
  A quokka skeleton (D:4)
  24 rats
156 creatures vanquished.

Notes
Turn   | Place    | Note
-------+----------+-------------------------------------------
     0 | D:1      | mopl the Hill Orc Berserker began the quest for the Orb.
     0 | D:1      | Reached XP level 1. HP: 19/19 MP: 1/1
   145 | D:1      | Reached XP level 2. HP: 25/26 MP: 2/2
   273 | D:1      | Reached skill level 5 in Axes
   405 | D:1      | Reached XP level 3. HP: 28/31 MP: 3/3
  1005 | D:2      | Reached skill level 6 in Axes
  1213 | D:2      | Reached ** piety under Trog
  1481 | D:3      | Reached XP level 4. HP: 39/39 MP: 4/4
  1619 | D:3      | Noticed Robin
  1621 | D:3      | Noticed Ijyb
  1629 | D:3      | Killed Robin
  1632 | D:3      | Reached skill level 7 in Axes
  1639 | D:3      | Killed Ijyb
  1639 | D:3      | Reached XP level 5. HP: 19/45 MP: 5/5
  1905 | D:3      | Noticed Terence
  1925 | D:3      | Killed Terence
  1942 | D:3      | Reached skill level 8 in Axes
  2190 | D:4      | Noticed a centaur
  2202 | D:4      | Killed a centaur
  2202 | D:4      | Reached XP level 6. HP: 12/51 MP: 6/6
  2340 | D:4      | Found a glowing drain.
  2345 | Sewer    | Entered a sewer
  2369 | Sewer    | Reached *** piety under Trog
  2369 | Sewer    | Reached skill level 9 in Axes
  2923 | D:4      | Reached skill level 10 in Axes
  2923 | D:4      | Reached XP level 7. HP: 47/57 MP: 7/7
  3112 | D:4      | Reached **** piety under Trog
  3596 | D:5      | Entered Level 5 of the Dungeon
  3836 | D:5      | Noticed Menkaure
  3844 | D:5      | Killed Menkaure
  3844 | D:5      | Reached skill level 1 in Throwing
  4565 | D:6      | Reached XP level 8. HP: 56/67 MP: 8/8
  4675 | D:6      | Reached skill level 11 in Axes
  4782 | D:6      | Reached skill level 5 in Fighting
  4785 | D:6      | HP: 3/68 [orc warrior/+0 halberd (17)]
  4785 | D:6      | Slain by a human

Levels and vault maps discovered:
D:1:      matt_arrival_grand_opening, layout_basic
D:2:      layout_loops_cross
D:3:      layout_basic, uniq_ijyb, uniq_robin, uniq_terence
D:4:      layout_loops_cross, serial_rivers, chequers_serial_rivers_room_a,
          chequers_serial_rivers_marsh, chequers_serial_rivers_large_a,
          chequers_serial_rivers_micro_a, chequers_serial_rivers_micro_d,
          chequers_serial_rivers_room_b, portal_sewer_entry_e
D:5:      layout_basic, first_ration, uniq_menkaure
D:6:      layout_basic, minmay_ruffians

Skill      XL: |  1  2  3  4  5  6  7  8 |
---------------+-------------------------+-----
Axes           | 5 6 7 8 10 11 | 11.3
Fighting       | 4 5 |  5.0
Throwing       | 1 2 |  2.2
Dodging        | 2 |  2.7
Armour         | 3 |  3.8

Action                   |  1- 3 |  4- 6 |  7- 9 || total
-------------------------+-------+-------+-------++-------
Melee: Hand axe          |   113 |   273 |   225 ||   611
Invok: Berserk           |     1 |     2 |     4 ||     7
       Brothers in Arms  |       |       |     1 ||     1
  Use: Scroll            |     1 |     5 |     3 ||     9
       Potion            |       |     1 |       ||     1
  Eat: Chunk             |     2 |     8 |     8 ||    18
Armor: Animal skin       |    10 |       |       ||    10
       Ring mail         |    28 |    15 |       ||    43
       Scale mail        |       |    92 |    93 ||   185
Dodge: Dodged            |    82 |   124 |    80 ||   286
